 Dungeon Crawl Stone Soup version 0.28.0-43-g3370ac3207 (webtiles) character file.

Game seed: 1233090038388796692

13786 sking99 the Severer (level 12, -2/108 HPs)
             Began as a Hill Orc Fighter on Mar 25, 2022.
             Was a Priest of Qazlal.
             Slain by a nine-headed hydra (6 damage)
             ... while petrified by a basilisk
             ... on level 10 of the Dungeon.
             The game lasted 00:24:56 (14034 turns).

sking99 the Severer (Hill Orc Fighter)             Turns: 14034, Time: 00:24:57

Health: -2/108     AC: 16    Str: 24    XL:     12   Next: 9%
Magic:  19/19      EV:  2    Int:  8    God:    Qazlal [***...]
Gold:   324        SH:  0    Dex: 16    Spells: 11/11 levels left

rFire   . . .      SeeInvis .   g - +4 war axe (spect)
rCold   . . .      Faith    .   c - +0 buckler
rNeg    + + +      Spirit   .   s - +1 chain mail {rPois}
rPois   ∞          Reflect  .   r - +0 helmet
rElec   .          Harm     .   (no cloak)
rCorr   .          Rampage  .   m - +2 pair of gloves
Will    .....                   w - +0 pair of boots
Stlth   ..........              (no amulet)
HPRegen 0.28/turn               j - +6 ring of dexterity
MPRegen 0.16/turn               (no ring)

@: petrified
A: no striking features
a: Renounce Religion, Upheaval, Elemental Force


You were on level 10 of the Dungeon.
You worshipped Qazlal.
Qazlal was most pleased with you.
You visited 3 branches of the dungeon, and saw 12 of its levels.

You collected 414 gold pieces.
You spent 90 gold pieces at shops.

Inventory:

Hand Weapons
 g - a +4 spectral war axe (weapon)
Missiles
 n - 6 throwing nets (quivered)
Armour
 c - a +0 buckler (worn)
 m - a +2 pair of gloves (worn)
 r - a +0 helmet (worn)
 s - a +1 chain mail of poison resistance (worn)
 w - a +0 pair of boots (worn)
Jewellery
 j - a +6 ring of dexterity (left hand)
Wands
 a - a wand of iceblast (15)
 o - a wand of flame (31)
 u - a wand of polymorph (6)
 B - a wand of digging (11)
Scrolls
 b - 4 scrolls of fear
 v - a scroll of teleportation
 x - a scroll of amnesia
 A - a scroll of enchant weapon
Potions
 d - a potion of might
 e - a potion of lignification {unknown}
 f - a potion of resistance
 h - a potion of heal wounds
 i - 3 potions of flight
 k - 2 potions of curing
 p - 3 potions of attraction
 q - 2 potions of invisibility
 t - a potion of brilliance
 z - a potion of magic
 C - 2 potions of mutation


   Skills:
 + Level 10.9 Fighting
 * Level 15.8 Axes
 - Level 5.6 Armour
 + Level 10.1 Shields
 + Level 9.7 Invocations


You had 11 spell levels left.
You didn't know any spells.
Your spell library contained the following spells:

 Spells                   Type           Power      Damage    Failure   Level
 Slow                     Hex            0%         N/A       98%         1
 Sublimation of Blood     Necr           0%         N/A       99%         2
 Wereblood                Tmut           0%         N/A       99%         2
 Confusing Touch          Hex            0%         N/A       100%        3
 Vampiric Draining        Necr           0%         2d6       100%        3
 Summon Forest            Summ/Tloc      0%         N/A       100%        5
 Summon Mana Viper        Hex/Summ       0%         N/A       100%        5
 Summon Cactus Giant      Summ           0%         N/A       100%        6
 Summon Hydra             Summ           0%         N/A       100%        7


Dungeon Overview and Level Annotations

Branches:
Dungeon (10/15)            Temple (1/1) D:5            Lair (1/6) D:10
    Orc (0/2) D:9

Altars:
Ashenzari
Cheibriados
Dithmenos
Elyvilon
Fedhas
Gozag
Hepliaklqana
Kikubaaqudgha
Makhleb
Nemelex Xobeh
Okawaru
Qazlal
Ru
Sif Muna
Trog
Uskayaw
Vehumet
Wu Jian
Xom
Yredelemnul
Zin
The Shining One
Beogh

Shops:
D:5 **   D:8 (

Annotations:
D:5 3 runed translucent doors, bmj180's ghost, amateur DsNe
D:6 3 runed translucent doors, Nicoed's ghost, novice DECj; RatCamp's ghost, novice MiBe


Message History

The polar bear bites you.
The polar bear claws you but does no damage. x2
The nine-headed hydra bites you!
The nine-headed hydra bites you but does no damage.
The nine-headed hydra bites you. The nine-headed hydra bites you!
The nine-headed hydra bites you. The nine-headed hydra bites you!
* * * LOW HITPOINT WARNING * * *
The nine-headed hydra bites you but does no damage.
The nine-headed hydra bites you.
The nine-headed hydra bites you but does no damage.
The polar bear completely misses you. The polar bear barely misses you.
The polar bear claws you but does no damage.
The nine-headed hydra is engulfed in blazing flames.
The nine-headed hydra bites you but does no damage.
The nine-headed hydra bites you.
* * * LOW HITPOINT WARNING * * *
The nine-headed hydra bites you but does no damage.
The nine-headed hydra bites you.
* * * LOW HITPOINT WARNING * * *
The nine-headed hydra bites you but does no damage.
The nine-headed hydra bites you!
* * * LOW HITPOINT WARNING * * *
The nine-headed hydra bites you but does no damage.
The nine-headed hydra bites you!
* * * LOW HITPOINT WARNING * * *
The nine-headed hydra bites you but does no damage.
The polar bear bites you!
* * * LOW HITPOINT WARNING * * *
The polar bear claws you but does no damage. x2
The nine-headed hydra is engulfed in blazing flames.
The nine-headed hydra bites you.
* * * LOW HITPOINT WARNING * * *
The nine-headed hydra bites you.
* * * LOW HITPOINT WARNING * * *
The nine-headed hydra bites you!
* * * LOW HITPOINT WARNING * * *
The nine-headed hydra bites you. x2
* * * LOW HITPOINT WARNING * * *
The nine-headed hydra bites you!
You die...

....# #####.#### #..#
....# #........# ##.#
....# #........# #.#
..<####........# #.#
.......######### #.#
######..###### #.#
##......# #.##
######.##### #..# #...h@#
###.# # ###.D### #...#
###### ##...######.###
.....######## ###.....#).#
............######......##
..[..######...##...######
.....# ###....### ######
######


You could see a nine-headed hydra and a polar bear.

Vanquished Creatures
  Harold (D:9)
  A hydra (D:9)
  A manticore (D:9)
  Maurice (D:9)
  A black mamba (Lair:1)
  Joseph (D:9)
  2 gargoyles (D:10)
  A cane toad (Lair:1)
  An unseen horror (D:10)
  Maggie (Lair:1)
  4 komodo dragons (Lair:1)
  6 trolls
  A hornet (D:8)
  Prince Ribbit (D:7)
  Sigmund (D:5)
  6 yaks
  5 wyverns
  2 steam dragons
  A water moccasin (Lair:1)
  Edmund (D:4)
  8 orc warriors
  A sky beast (D:7)
  2 ice beasts
  6 ogres
  A necrophage (D:5)
  2 centaurs
  A phantom (D:7)
  6 kobold brigands
  Blork the orc (D:5)
  A bullfrog (Lair:1)
  3 gnoll sergeants (D:9)
  4 scorpions
  A wyvern skeleton (D:6)
  2 water moccasin skeletons
  7 killer bees (D:9)
  3 wights (D:8)
  A howler monkey (D:8)
  2 centaur zombies
  2 hounds
  3 jellies
  7 orc priests
  A gnoll shaman (D:6)
  A centaur skeleton (D:7)
  3 iguanas
  Ijyb (D:3)
  11 orc wizards
  Robin (D:4)
  14 gnolls
  9 adders
  2 river rats (D:4)
  A white imp (D:7)
  4 ufetubi
  3 worms
  3 dart slugs
  32 orcs
  6 endoplasms
  A giant cockroach (D:4)
  7 hobgoblins
  11 quokkas
  3 ball pythons
  3 bats (D:1)
  2 frilled lizards (D:1)
  14 goblins
  A jackal zombie (D:5)
  20 kobolds
  4 rats
261 creatures vanquished.

Vanquished Creatures (others)
  An orc wizard (D:7)
  6 fungi
  51 plants
  6 withered plants (D:6)
64 creatures vanquished.

Grand Total: 325 creatures vanquished

Notes
Turn   | Place    | Note
-------+----------+-------------------------------------------
     0 | D:1      | sking99 the Hill Orc Fighter began the quest for the Orb.
     0 | D:1      | Reached XP level 1. HP: 19/19 MP: 1/1
    43 | D:1      | Reached skill level 3 in Axes
    72 | D:1      | Reached XP level 2. HP: 22/27 MP: 2/2
   839 | D:1      | Reached XP level 3. HP: 27/33 MP: 3/3
  1079 | D:2      | Found a faded altar of an unknown god.
  1206 | D:2      | Reached skill level 4 in Axes
  1206 | D:2      | Reached XP level 4. HP: 5/40 MP: 4/4
  1925 | D:3      | Reached XP level 5. HP: 47/47 MP: 5/5
  2055 | D:3      | Reached skill level 5 in Axes
  2110 | D:3      | Noticed Ijyb
  2125 | D:3      | Killed Ijyb
  2705 | D:3      | Reached XP level 6. HP: 53/53 MP: 6/6
  2758 | D:3      | Found a shadowy altar of Dithmenos.
  3222 | D:4      | Noticed Edmund
  3222 | D:4      | You fall into a shaft and drop 3 floors!
  3294 | D:6      | Found a runed translucent gate.
  3294 | D:6      | Found a runed translucent gate.
  3294 | D:6      | Found a runed translucent gate.
  3294 | D:6      | Noticed RatCamp's ghost (novice MiBe)
  3295 | D:6      | Noticed Nicoed's ghost (novice DECj)
  3340 | D:5      | Entered Level 5 of the Dungeon
  3391 | D:5      | Reached skill level 5 in Fighting
  3391 | D:5      | Reached skill level 6 in Axes
  3495 | D:5      | Noticed Blork the orc
  3505 | D:5      | Killed Blork the orc
  3506 | D:5      | Reached XP level 7. HP: 46/61 MP: 7/7
  3610 | D:5      | Noticed Sigmund
  3621 | D:5      | Reached skill level 7 in Axes
  3621 | D:5      | Reached skill level 5 in Armour
  3650 | D:4      | Noticed Robin
  3660 | D:4      | Killed Robin
  3661 | D:4      | Reached skill level 5 in Shields
  3809 | D:4      | Found a sacrificial altar of Ru.
  4388 | D:4      | Killed Edmund
  4389 | D:4      | Reached XP level 8. HP: 53/70 MP: 8/8
  4609 | D:4      | Reached skill level 8 in Axes
  5103 | D:5      | Found Goleihia's Assorted Antiques.
  5317 | D:5      | Found a staircase to the Ecumenical Temple.
  5331 | Temple   | Entered the Ecumenical Temple
  5397 | Temple   | Became a worshipper of Qazlal Stormbringer
  5418 | D:5      | Found a runed translucent gate.
  5433 | D:5      | Killed Sigmund
  5434 | D:5      | Reached skill level 1 in Invocations
  5487 | D:5      | Found a runed translucent gate.
  5490 | D:5      | Found a runed translucent gate.
  5544 | D:5      | Found a bloodstained altar of Trog.
  5623 | D:5      | Noticed bmj180's ghost (amateur DsNe)
  5637 | D:5      | Identified the +5 scale mail "Viysesu" {Regen+ Str+4}
  5653 | D:5      | Reached skill level 9 in Axes
  5885 | D:5      | Found an ornate altar of the Wu Jian Council.
  5993 | D:5      | Found Dofytar's Fire Supplies.
  6307 | D:6      | Reached XP level 9. HP: 72/79 MP: 11/11
  6501 | D:6      | Reached skill level 10 in Axes
  7621 | D:7      | Reached * piety under Qazlal
  8063 | D:7      | Noticed Prince Ribbit
  8066 | D:7      | Reached skill level 11 in Axes
  8405 | D:7      | Killed Prince Ribbit
  8406 | D:7      | Reached skill level 5 in Invocations
  8611 | D:8      | Noticed a hornet
  8626 | D:8      | Paralysed by a hornet for 3 turns
  8631 | D:8      | Paralysed by a hornet for 1 turns
  8633 | D:8      | Killed a hornet
  8634 | D:8      | Reached XP level 10. HP: 42/88 MP: 12/14
  8972 | D:8      | Reached skill level 12 in Axes
  9119 | D:8      | Reached ** piety under Qazlal
  9332 | D:8      | Found a roughly hewn altar of Beogh.
  9578 | D:8      | Found Tuhipn's Antique Weapon Emporium.
 10053 | D:9      | Noticed Harold
 10121 | D:9      | Found a hide-covered altar of Uskayaw.
 10138 | D:9      | Found Zin's Purification Station.
 10141 | D:9      | Found a glowing silver altar of Zin.
 10142 | D:9      | Noticed a manticore
 10149 | D:9      | Killed a manticore
 10205 | D:9      | Bought a potion of curing for 90 gold pieces
 10227 | D:9      | Found a staircase to the Orcish Mines.
 10256 | D:9      | Reached skill level 13 in Axes
 10708 | D:9      | Noticed a six-headed hydra
 10714 | D:9      | Killed a six-headed hydra
 10715 | D:9      | Reached XP level 11. HP: 20/97 MP: 3/16
 10762 | D:8      | HP: 4/97 [troll (4)]
 11078 | D:9      | Killed Harold
 11079 | D:9      | Reached skill level 14 in Axes
 11099 | D:9      | Noticed Joseph
 11103 | D:9      | Killed Joseph
 11457 | D:9      | Reached skill level 10 in Fighting
 11473 | D:9      | Noticed Maurice
 11489 | D:9      | Killed Maurice
 11732 | D:9      | Found the +1 robe of Vines {NoPotionHeal Regen++++}
 12154 | D:10     | Entered Level 10 of the Dungeon
 12406 | D:10     | Reached *** piety under Qazlal
 12658 | D:10     | Found a staircase to the Lair.
 12702 | D:10     | Reached skill level 15 in Axes
 12841 | Lair:1   | Entered Level 1 of the Lair of Beasts
 13167 | Lair:1   | Reached skill level 10 in Shields
 13167 | Lair:1   | Reached XP level 12. HP: 108/108 MP: 19/19
 13248 | Lair:1   | Noticed Maggie
 13256 | Lair:1   | Killed Maggie
 13589 | Lair:1   | Noticed an eight-headed hydra
 13645 | Lair:1   | HP: 2/108 [nine-headed hydra (6)]
 14034 | D:10     | HP: 5/108 [nine-headed hydra (4)]
 14034 | D:10     | Slain by a nine-headed hydra

Illustrated notes

Levels and vault maps discovered:
D:1:      dpeg_arrival_tiny_g, layout_loops_ring, serial_glass, glass_columns_c,
          glass_columns_a
D:2:      layout_rooms, dreamdust_ecumenical_altar_grove,
          minmay_misc_feat_more_columns, nrook_campfire
D:3:      layout_basic, mainiacjoe_overflow_paths, serial_bayou,
          serial_bayou_crossing, serial_bayou_ford_a, serial_bayou_pond_c,
          serial_bayou_pond_d, uniq_ijyb
D:4:      layout_basic, nicolae_ru_path_of_blood, lightli_sewer_entry_pipes,
          uniq_robin, uniq_edmund
D:5:      layout_loops_ring, nzn_wu_jian_council_hall,
          trog_three_pillars_becter, minmay_temple_entry_statues_fountains,
          enter_ossuary_3, gammafunk_ghost_necromancy, serial_shops,
          nicolae_square_shop, nicolae_shop_fire_sale [nicolae_sub_dead_trees],
          uniq_blork_the_orc, uniq_sigmund
D:6:      layout_basic, gammafunk_ghost_cemetery
D:7:      layout_basic, uniq_prince_ribbit1
D:8:      layout_basic, serial_shops, nicolae_diamond_shop,
          david_defended_altar_orc
D:9:      layout_basic, zin_purify, nicolae_uskayaw_dance_studio,
          kennysheep_orc_monster_closet_entryway, hellmonk_guarded_unrand_vines,
          uniq_joseph, uniq_harold, uniq_maurice
D:10:     layout_rooms, lair_entry_dummy
Temple:   nicolae_temple_x_marks_the_god
Lair:1:   layout_roguey, wad_woods_river_01, infiniplex_staircase_pool,
          uniq_maggie

Skill      XL: |  1  2  3  4  5  6  7  8  9 10 11 |
---------------+----------------------------------+-----
Axes           | 3 4 5 6 7 9 11 13 15 | 15.8
Fighting       | 4 5 6 7 8 9 10 | 10.9
Armour         | 4 5 |  5.6
Shields        | 4 5 6 7 8 10 | 10.1
Invocations    | 3 5 7 9 |  9.7

Action                   |  1- 3 |  4- 6 |  7- 9 | 10-12 || total
-------------------------+-------+-------+-------+-------++-------
Melee: War axe           |   111 |   159 |   219 |   267 ||   756
Invok: Upheaval          |       |       |       |     8 ||     8
Evoke: Wand              |       |       |       |     2 ||     2
  Use: Scroll            |       |     4 |     7 |    11 ||    22
       Potion            |       |       |     4 |     1 ||     5
 Stab: Distracted        |       |       |       |     3 ||     3
Armor: Scale mail        |    66 |     3 |       |       ||    69
       Chain mail        |       |    64 |   121 |   172 ||   357
Dodge: Dodged            |    52 |    48 |    82 |    67 ||   249
Block: Buckler           |    24 |    40 |    84 |   109 ||   257
